 Dungeon Crawl Stone Soup version 0.26.1-10-gdfb7c7de75 (webtiles) character file.

Game seed: 1632013529695654754

266 Revguard the Grasshopper (level 6, -1/47 HPs)
             Began as a Barachi Warper on Apr 2, 2021.
             Killed by nerve-wracking pain
             ... invoked by Grinder
              (3 damage)
             ... on level 4 of the Dungeon.
             The game lasted 00:12:58 (4337 turns).

Revguard the Grasshopper (Barachi Warper)           Turns: 4337, Time: 00:12:58

Health: -1/47      AC:  6    Str: 13    XL:     6   Next: 20%
Magic:  6/10       EV: 11    Int: 14    God:
Gold:   259        SH:  3    Dex: 12    Spells: 3/11 levels left

rFire    . . .     SeeInvis .   a - +0 falchion
rCold    . . .     Faith    .   n - +0 buckler
rNeg     . . .     Spirit   .   m - +0 ring mail
rPois    .         Reflect  .   (no helmet)
rElec    .         Harm     .   (no cloak)
rCorr    .         Rampage  .   f - +0 pair of gloves
Will     .....                  (no boots)
Stlth    +.........             (no amulet)
HPRegen  0.15/turn              (no ring)
MPRegen  0.12/turn              (no ring)

@: can't hop, very slightly contaminated, hasted, quick
A: +LOS, swims, hooves 1, screaming 1, slowness 1, sturdy frame 1, strong legs 1
a: Hop


You were on level 4 of the Dungeon.
You visited 1 branch of the dungeon, and saw 4 of its levels.

You collected 259 gold pieces.

Inventory:

Hand Weapons
 a - a +0 falchion (weapon)
Armour
 b - a +0 leather armour
 f - a +0 pair of gloves (worn)
 m - a +0 ring mail (worn)
 n - a +0 buckler (worn)
Jewellery
 o - an uncursed amulet of regeneration {unknown}
Scrolls
 c - 4 scrolls of identify {unknown}
 g - 2 scrolls of teleportation {unknown}
 h - 3 scrolls of magic mapping {unknown}
 i - a scroll of remove curse {unknown}
 j - 2 scrolls of fear {unknown}
 k - 2 scrolls of enchant armour {unknown}


   Skills:
 + Level 3.1 Fighting
 + Level 4.1 Long Blades
 - Level 1.0 Throwing
 * Level 3.4 Armour
 + Level 3.1 Dodging
 * Level 0.4 Shields
 * Level 3.0 Spellcasting
 * Level 4.5 Translocations


You had 3 spell levels left.
You knew the following spells:

 Your Spells              Type           Power        Failure   Level
a - Blink                 Tloc           N/A          12%         2
b - Gell's Gravitas       Tloc           7%           22%         3
c - Teleport Other        Tloc           14%          22%         3

Your spell library contained the following spells:

 Spells                   Type           Power        Failure   Level
 Lesser Beckoning         Tloc           7%           22%         3
 Passage of Golubria      Tloc           N/A          58%         4


Dungeon Overview and Level Annotations

Branches:
Dungeon (4/15)
 Temple: D:4-7

Altars:
Qazlal

Annotations:
D:4 Grinder


Innate Abilities, Weirdness & Mutations

You can be seen from farther away. (+LOS)
You can swim through water.
You cover ground slowly.
You can hop short distances.
You have large cloven feet.
You occasionally shout uncontrollably at your foes.
Your movements are slightly less encumbered by armour. (ER -2)


Message History

The boomerang of dispersal barely misses the phantom.
Grinder closely misses you.
You closely miss Grinder. You kick Grinder.
Grinder is moderately wounded.
Grinder hits you.
* * * LOW HITPOINT WARNING * * *
You writhe in agony.
* * * LOW HITPOINT WARNING * * *
It was a potion of curing.
You feel better. Grinder barely misses you.
It was a potion of haste.
You feel yourself speed up. Grinder closely misses you.
The phantom barely misses you.
You riposte.
You hit the phantom but do no damage. You kick the phantom.
The phantom is lightly damaged.
The adder bites you but does no damage. The phantom hits you!
* * * LOW HITPOINT WARNING * * *
The adder bites you but does no damage. Grinder gestures at you.
Pain shoots through your body!
You die...

....... .>#. #. .⌠.._.. ##.' #.
....... #..# #. ...... #..# #.
.....##..# #. ##.$.#..# ##
#..#...?############## ######
#.?..!....5W#.##...#.# #...##
#...########S.@....#.#.###....#
.W.. #....##..#.....#....# ..
.....#####..#####......#
..###.# #..#####....... ..#≈#.
......>........ #.###.
###..######..... #.... #..#
#....# ...#. ##.. #....# ###
#.# ######


You could see Grinder, a phantom and an adder.

Vanquished Creatures
  A howler monkey (D:4)
  3 orc priests (D:3)
  A gnoll (D:1)
  4 adders
  3 oozes
  2 dart slugs
  2 leopard geckos
  10 orcs (D:3)
  5 bats
  A giant cockroach (D:2)
  7 goblins
  8 hobgoblins
  A quokka (D:4)
  A ball python (D:1)
  11 frilled lizards
  5 kobolds
  6 rats
71 creatures vanquished.

Notes
Turn   | Place    | Note
-------+----------+-------------------------------------------
     0 | D:1      | Revguard the Barachi Warper began the quest for the Orb.
     0 | D:1      | Reached XP level 1. HP: 17/17 MP: 3/3
   302 | D:1      | Reached XP level 2. HP: 23/23 MP: 5/5
   305 | D:1      | Learned a level 2 spell: Blink
   551 | D:1      | Reached XP level 3. HP: 10/28 MP: 6/6
   764 | D:1      | Learned a level 3 spell: Gell's Gravitas
  1621 | D:2      | Reached XP level 4. HP: 24/34 MP: 7/7
  1900 | D:2      | Gained mutation: You occasionally shout uncontrollably at
                  | your foes. [potion of mutation]
  1900 | D:2      | Gained mutation: Your movements are slightly less
                  | encumbered by armour. (ER -2) [potion of mutation]
  1900 | D:2      | Gained mutation: You have large cloven feet. [potion of
                  | mutation]
  2380 | D:3      | Found a faded altar of an unknown god.
  2594 | D:3      | Reached XP level 5. HP: 26/40 MP: 7/9
  2613 | D:3      | Learned a level 3 spell: Teleport Other
  4084 | D:4      | Noticed a phantom
  4090 | D:4      | Noticed Grinder
  4292 | D:4      | Reached XP level 6. HP: 42/47 MP: 10/10
  4299 | D:4      | Noticed a phantom
  4301 | D:4      | Found a stormy altar of Qazlal.
  4317 | D:4      | Paralysed by Grinder for 3 turns
  4336 | D:4      | HP: 2/47 [phantom (8)]
  4337 | D:4      | Killed from afar by Grinder

Illustrated notes

Levels and vault maps discovered:
D:1:      noname_arrival_rooms_in_the_neighbourhood, layout_basic
D:2:      layout_rooms
D:3:      layout_loops_corners, chequers_ecumenical_altar_simple_redux
D:4:      minmay_chambers_of_threes, layout_rooms, grunt_temple_overflow_open,
          serial_glass, glass_columns_a, glass_columns_b, feat_on_display,
          feat_on_display, feat_on_display,
          nicolae_dithmenos_through_a_glass_darkly, uniq_grinder

Skill      XL: |  1  2  3  4  5 |
---------------+----------------+-----
Translocations | 4 |  4.5
Long Blades    | 3 4 |  4.1
Armour         | 2 3 |  3.4
Dodging        | 3 |  3.1
Fighting       | 3 |  3.1
Spellcasting   | 3 |  3.0
Throwing       | |  1.0
Shields        | |  0.4

Action                   |  1- 3 |  4- 6 || total
-------------------------+-------+-------++-------
Melee: Falchion          |   111 |   148 ||   259
       Kick              |       |    40 ||    40
Throw: Boomerang         |     2 |     3 ||     5
 Cast: Blink             |     1 |     1 ||     2
 Abil: Hop               |       |     1 ||     1
  Use: Potion            |       |     6 ||     6
       Scroll            |       |     1 ||     1
Armor: Leather armour    |    45 |    13 ||    58
       Ring mail         |       |    36 ||    36
Dodge: Dodged            |   104 |   131 ||   235
Block: Buckler           |       |     5 ||     5
       Rpst.: Falchion   |    34 |    51 ||    85
